 Dungeon Crawl Stone Soup version 0.24-a0-375-g4de66ed42b (webtiles) character file.

Game seed: 10770749035960020213

2457 Avack the Carver (level 9, -1/42 HPs)
             Began as a Vine Stalker Gladiator on May 31, 2019.
             Slain by a hell rat (14 damage)
             ... on level 7 of the Dungeon.
             The game lasted 00:15:11 (5645 turns).

Avack the Carver (Vine Stalker Gladiator)           Turns: 5645, Time: 00:15:12

Health: -1/42      AC:  7    Str: 17    XL:     9   Next: 50%
Magic:  0/10       EV: 11    Int:  8    God:
Gold:   413        SH:  0    Dex: 19    Spells: 6/8 levels left

rFire    . . .     SeeInvis +   a - +1 long sword
rCold    + . .     Gourm    .   (no shield)
rNeg     . . .     Faith    .   p - +0 ring mail
rPois    .         Spirit   +   c - +0 helmet
rElec    .         Reflect  .   k - +0 cloak
rCorr    .         Harm     .   (no gloves)
MR       +....                  (no boots)
Stlth    +.........             (no amulet)
HPRegen  0.54/turn              E - ring of protection from cold
MPRegen  0.12/turn              s - ring of see invisible

@: drained
A: fangs 3, regeneration 1, magic shield, antimagic bite, no potion heal 3, rot
immunity
a: no special abilities


You were on level 7 of the Dungeon.
You were not hungry.

You visited 2 branches of the dungeon, and saw 8 of its levels.
You also visited: Ossuary.

You collected 413 gold pieces.

Inventory:

Hand Weapons
 a - a +1 long sword (weapon)
Missiles
 d - 3 throwing nets
 h - 112 stones
 m - 2 boomerangs
 o - a poisoned dart
 A - 4 javelins (quivered)
 C - 7 atropa-tipped darts
Armour
 c - a +0 helmet (worn)
 k - a +0 cloak (worn)
 p - a +0 ring mail (worn)
Jewellery
 s - a ring of see invisible (right hand)
 x - an uncursed ring of protection from fire
 E - a ring of protection from cold (left hand)
Wands
 y - a wand of polymorph (11)
Scrolls
 b - 3 scrolls of enchant weapon
 e - 2 scrolls of remove curse
 g - a scroll of magic mapping {unknown}
 i - a scroll of teleportation
 v - 2 scrolls of fear
 D - a scroll of amnesia {unknown}
 F - a scroll of identify
Potions
 j - 4 potions of brilliance
 l - a potion of haste
 n - a potion of ambrosia
 q - 2 potions of agility
 r - a potion of lignification
 t - 2 potions of magic
 u - 4 potions of berserk rage
 w - 4 potions of curing
 z - 3 potions of flight
Comestibles
 f - 14 rations
 B - 12 chunks of flesh


   Skills:
 - Level 1.7(1.1) Fighting
 + Level 11.6(10.7) Long Blades
 - Level 1.7(1.1) Throwing
 - Level 2.4(1.7) Dodging


You had 6 spell levels left.
You knew the following spells:

 Your Spells              Type           Power        Failure   Level  Hunger
a - Confusing Touch       Hex            #.....       63%         1    ##.....
b - Apportation           Tloc           #.....       63%         1    ##.....

Your spell library contained the following spells:

 Spells                   Type           Power        Failure   Level  Hunger
 Animate Skeleton         Necr           N/A          63%         1    ##.....
 Summon Small Mammal      Summ           #...         63%         1    ##.....
 Call Imp                 Summ           #.......     77%         2    ###....
 Call Canine Familiar     Summ           #.......     94%         3    ####...
 Summon Guardian Golem    Hex/Summ       #.......     94%         3    ####...
 Summon Ice Beast         Ice/Summ       #.......     100%        4    #####..
 Summon Lightning Spire   Summ/Air       #.......     100%        4    #####..


Dungeon Overview and Level Annotations

Branches:
Dungeon (7/15)             Temple (1/1) D:5

Altars:
Ashenzari
Elyvilon
Fedhas
Gozag
Hepliaklqana
Kikubaaqudgha
Nemelex Xobeh
Qazlal
Ru
Sif Muna
Trog
Vehumet
Xom
Yredelemnul
The Shining One


Innate Abilities, Weirdness & Mutations

You have razor-sharp teeth.
Your natural rate of healing is unusually fast.
When hurt, damage is shared between your health and your magic reserves.
Your bite disrupts and absorbs the magic of your enemies.
Potions cannot restore your health.
You are immune to rotting.


Message History

The hell rat is moderately wounded.
The hell rat bites you!
You feel drained.
You are too injured to fight recklessly!
A river rat comes into view.
The hell rat bites you!
* * * LOW HITPOINT WARNING * * *
Press: ? - help, v - describe, . - travel, g - get item
Here: a hell rat (moderately wounded)
A rat corpse.
The floor, spattered with blood.
You slash the hell rat!
The hell rat is severely wounded.
The hell rat closely misses you.
You riposte.
You hit the hell rat but do no damage.
You bite the hell rat, but do no damage.
The hell rat is severely wounded.
You barely miss the hell rat.
The hell rat is severely wounded.
The hell rat bites you!
You die...

.......####.#...#.###
#....###...#.###.#..##
#....##.######
#####.##
#....#.######. ##.###
#....##..##..r ##..##
####..###.##..# ###.#
#...##.##


rrr ##÷## #...#.##. #r#######.#.# #...##.##...#r@.##..#### #...##..# #.r..†÷.###
#....#..########### ##...###÷# ##......# ######## You could see a hell rat, 2
river rats and 2 rats.

Vanquished Creatures
  Eustachio (D:4)
  Edmund (D:5)
  Duvessa (D:6)
  An ice beast (D:7)
  A sky beast (D:6)
  A hornet zombie (D:7)
  4 ogres
  3 bullfrogs
  Dowan (D:6)
  A water moccasin zombie (Ossuary)
  A scorpion (D:7)
  3 killer bees (D:7)
  5 howler monkeys
  A quasit (D:5)
  A jelly (D:6)
  An orc priest (D:6)
  A hound (D:6)
  An iguana (D:7)
  4 orc wizards
  6 worker ants
  2 big kobold zombies (Ossuary)
  A hound zombie (D:6)
  2 mummies (Ossuary)
  A worker ant zombie (D:5)
  6 adders
  9 gnolls
  A river rat (D:7)
  2 shadow imps (D:7)
  2 oozes
  6 adder zombies
  An adder skeleton (D:6)
  2 worms (D:3)
  A dart slug (D:2)
  A leopard gecko (D:2)
  19 orcs
  A ball python (D:6)
  8 giant cockroaches
  4 gnoll zombies (Ossuary)
  12 goblins
  8 hobgoblins
  7 jackals
  4 bats
  9 frilled lizards
  6 hobgoblin zombies (Ossuary)
  9 kobolds
  8 kobold zombies (Ossuary)
  6 orc zombies (Ossuary)
  A quokka skeleton (D:6)
  18 rats
196 creatures vanquished.

Vanquished Creatures (others)
  A rat (D:2)
1 creature vanquished.

Grand Total: 197 creatures vanquished

Notes
Turn   | Place    | Note
-------+----------+-------------------------------------------
     0 | D:1      | Avack the Vine Stalker Gladiator began the quest for the
                  | Orb.
     0 | D:1      | Reached XP level 1. HP: 11/11 MP: 2/2
    15 | D:1      | Reached skill level 3 in Long Blades
    15 | D:1      | Reached XP level 2. HP: 7/15 MP: 3/3
   577 | D:1      | Reached XP level 3. HP: 17/18 MP: 4/4
   878 | D:1      | Reached skill level 4 in Long Blades
  1217 | D:2      | Gained mutation: Your natural rate of healing is unusually
                  | fast. [Vine Stalker growth]
  1217 | D:2      | Reached XP level 4. HP: 18/23 MP: 3/5
  1914 | D:2      | Reached skill level 5 in Long Blades
  1922 | D:2      | Reached XP level 5. HP: 22/26 MP: 6/6
  2187 | D:3      | Reached XP level 6. HP: 27/30 MP: 7/7
  2283 | D:3      | Reached skill level 6 in Long Blades
  2629 | D:4      | Noticed Eustachio
  2652 | D:4      | Killed Eustachio
  2652 | D:4      | Reached skill level 7 in Long Blades
  2652 | D:4      | Reached XP level 7. HP: 23/34 MP: 8/8
  2672 | D:4      | Found a sand-covered staircase.
  2679 | Ossuary  | Entered an ossuary
  2916 | D:4      | Found an ancient bone altar of Kikubaaqudgha.
  2980 | D:4      | Reached skill level 8 in Long Blades
  3354 | D:5      | Entered Level 5 of the Dungeon
  3360 | D:5      | Found a staircase to the Ecumenical Temple.
  3370 | Temple   | Entered the Ecumenical Temple
  3451 | D:5      | Gained mutation: You have razor-sharp teeth. [Vine Stalker
                  | growth]
  3451 | D:5      | Reached XP level 8. HP: 38/38 MP: 7/9
  3749 | D:5      | Found a deep blue altar of Sif Muna.
  3750 | D:5      | Found a radiant altar of Vehumet.
  3751 | D:5      | Found a hazy altar of Hepliaklqana.
  3767 | D:5      | Found a sacrificial altar of Ru.
  4374 | D:6      | Learned a level 1 spell: Confusing Touch
  4376 | D:6      | Learned a level 1 spell: Apportation
  4425 | D:6      | Noticed Edmund
  4443 | D:6      | Reached skill level 9 in Long Blades
  4522 | D:5      | Killed Edmund
  4708 | D:6      | Noticed Duvessa
  4715 | D:6      | Noticed Dowan
  4732 | D:6      | Killed Duvessa
  4732 | D:6      | Reached skill level 10 in Long Blades
  4751 | D:6      | Killed Dowan
  4873 | D:6      | Reached XP level 9. HP: 26/42 MP: 6/10
  5237 | D:7      | Reached skill level 11 in Long Blades
  5532 | D:7      | Found a basalt altar of Yredelemnul.
  5645 | D:7      | Slain by a hell rat

Levels and vault maps discovered:
D:1:      erik_arrival_triangle_large, layout_basic
D:2:      layout_loops_ring
D:3:      layout_rooms
D:4:      layout_gridville, kiku_gazebo_pond_becter,
          chequers_ossuary_entry_cave, first_ration, uniq_eustachio
D:5:      layout_cave_pods, nicolae_overflow_quartered_altars,
          minmay_temple_entry_mini_moons
D:6:      layout_rooms, uniq_duvessa, uniq_edmund
D:7:      wander_guarded_unrand_ratskin, layout_rooms, overflow_temple_1_default
Temple:   jpeg_temple_island

Skill      XL: |  1  2  3  4  5  6  7  8  9 |
---------------+----------------------------+-----
Long Blades    | 3 4 5 7 8 10 11 | 11.6
Fighting       | |  1.7
Throwing       | |  1.7
Dodging        | |  2.4

Action                   |  1- 3 |  4- 6 |  7- 9 || total
-------------------------+-------+-------+-------++-------
Melee: Long sword        |    76 |   143 |   307 ||   526
       Bite              |    26 |    49 |   149 ||   224
Throw: Stone             |    11 |       |       ||    11
       Boomerang         |       |     3 |       ||     3
       Dart              |       |     2 |    14 ||    16
       Javelin           |       |       |    19 ||    19
  Use: Scroll            |       |    10 |     6 ||    16
 Stab: Sleeping          |     2 |       |       ||     2
  Eat: Chunk             |     1 |     5 |    10 ||    16
Armor: Leather armour    |    17 |       |       ||    17
       Ring mail         |       |    69 |    72 ||   141
Dodge: Dodged            |    46 |   123 |   163 ||   332
       Rpst.: Long sword |    15 |    46 |    63 ||   124

Table legend:
 A = Non-vault XP
 B = Vault XP
 C = Vault XP percentage of total XP
 D = Non-vault monster count
 E = Vault monster count
 F = Vault count percentage of total count
                 A         B        C        D         E       F
            +---------+---------+-------+---------+---------+-------
      Total |    2689 |     822 |  23.4 |     148 |      48 |  24.5
            +---------+---------+-------+---------+---------+-------
        D:1 |      64 |       0 |   0.0 |      33 |       0 |   0.0
        D:2 |     192 |       0 |   0.0 |      30 |       0 |   0.0
        D:3 |     194 |       0 |   0.0 |      29 |       0 |   0.0
        D:4 |     299 |     191 |  39.0 |       6 |       1 |  14.3
        D:5 |     295 |     164 |  35.7 |      14 |       1 |   6.7
        D:6 |     594 |     223 |  27.3 |      17 |       2 |  10.5
        D:7 |    1051 |      23 |   2.1 |      19 |      10 |  34.5
    Ossuary |       0 |     221 | 100.0 |       0 |      34 | 100.0
            +---------+---------+-------+---------+---------+-------
